 Dungeon Crawl Stone Soup version 0.30-a0-1085-g990a428a5c (webtiles) character file.

Game seed: 11942731616098189350

26913 holysushi the Spry (level 13, 0/99 HPs)
             Began as a Demonspawn Monk on Apr 17, 2023.
             Was the Champion of Jiyva.
             Killed by divine providence
             ... invoked by an orc priest
              (13 damage)
             ... on level 2 of the Orcish Mines.
             The game lasted 00:20:37 (13649 turns).

holysushi the Spry (Demonspawn Monk)               Turns: 13649, Time: 00:20:37

Health: 0/99       AC: 11    Str: 20    XL:     13   Next: 1%
Magic:  4/4        EV: 26    Int: 10    God:    Jiyva [******]
Gold:   1746       SH:  0    Dex: 18    Spells: 12/12 levels left

rFire   + . .      SeeInvis +    K - +4 short sword (antimagic)
rCold   + . .      Faith    .    (no shield)
rNeg    + . .      Spirit   .    P - +2 troll leather armour {Snorg}
rPois   +          Reflect  .    (helmet restricted)
rElec   .          Rampage  .    w - +0 cloak
rCorr   +                        l - +0 pair of gloves
Will    +....                    L - +1 pair of boots {Fly}
Stlth   +++                      (no amulet)
HPRegen 2.76/turn                j - ring of willpower
MPRegen 0.59/turn                r - ring of positive energy

@: agile, about to teleport, weak-willed, flying
A: hooves 1, horns 2, demonic guardian 1, powered by pain 3, demonic touch 1,
fire resistance 1, strong-willed 1, poison resistance, shaggy fur 3, strong 2,
acidic bite, eyeballs 3, pseudopods 2, jelly sensing items
a: Renounce Religion, Oozemancy, Slimify


You were on level 2 of the Orcish Mines.
You worshipped Jiyva.
Jiyva was exalted by your worship.
You visited 3 branches of the dungeon, and saw 16 of its levels.
You also visited: Bailey.

You collected 1746 gold pieces.

Inventory:

Hand Weapons
 a - a +0 short sword
 v - a +2 short sword of draining
 x - a +0 dagger of venom
 K - a +4 antimagic short sword (weapon)
Missiles
 q - a throwing net (quivered)
Armour
 b - a +0 robe
 d - an orb of light
 e - a +0 helmet
 i - a +0 buckler
 l - a +0 pair of gloves (worn)
 m - a +2 hat
 w - a +0 cloak (worn)
 L - a +1 pair of boots of flying (worn)
 P - a +2 troll leather armour (worn) {Snorg}
 S - a +0 troll leather armour
Jewellery
 j - a ring of willpower (left hand)
 r - a ring of positive energy (right hand)
 y - a ring of positive energy
 A - a ring of magical power
 E - a ring of flight
 Q - a ring of ice
 T - a ring of willpower
Wands
 g - a wand of charming (16)
 B - a wand of roots (6)
 G - a wand of flame (16)
 J - a wand of mindburst (8)
 R - a wand of digging (8)
Scrolls
 k - 2 scrolls of magic mapping
 t - a scroll of fog
 z - 2 scrolls of amnesia
 C - 2 scrolls of noise
Potions
 c - a potion of ambrosia
 f - 4 potions of brilliance
 n - 4 potions of cancellation
 o - 2 potions of attraction
 p - a potion of might
 s - a potion of curing
 u - 4 potions of heal wounds
 F - 4 potions of flight
 I - 2 potions of degeneration {unknown}
 N - a potion of magic {unknown}
 O - a potion of lignification {unknown}
Miscellaneous
 M - a phantom mirror (inert)


   Skills:
 + Level 8.5 Fighting
 - Level 10.0 Short Blades
 - Level 3.0 Armour
 + Level 15.4 Dodging
 - Level 4.0 Stealth
 - Level 4.0 Evocations


You had 12 spell levels left.
You didn't know any spells.
Your spell library contained the following spells:

 Spells                   Type           Power      Damage    Failure   Level
 Apportation              Tloc           0%         N/A       41%         1
 Beastly Appendage        Tmut           0%         N/A       41%         1
 Necrotise                Necr           0%         1d4       41%         1
 Summon Small Mammal      Summ           0%         N/A       41%         1
 Ensorcelled Hibernation  Hex/Ice        0%         N/A       54%         2
 Wereblood                Tmut           0%         N/A       54%         2
 Spider Form              Tmut/Pois      0%         N/A       78%         3
 Anguish                  Hex/Necr       0%         N/A       99%         4
 Animate Dead             Necr           0%         N/A       99%         4
 Borgnjor's Vile Clutch   Necr/Erth      0%         N/A       100%        5
 Death Channel            Necr           0%         N/A       100%        6


Dungeon Overview and Level Annotations

Branches:
Dungeon (12/15) Zot: 26268  Temple (0/1) D:4            Lair (2/5) D:9 Zot: 10466
 Shoals (0/4) Lair:2       Spider (0/4) Lair:2          Orc (2/2) D:10 Zot: 11367
 Bailey (visited)
    Elf: Orc:2

Altars:
Cheibriados
Dithmenos
Fedhas
Gozag
Hepliaklqana
Kikubaaqudgha
Okawaru
Qazlal
Ru
Uskayaw
Vehumet
Xom
Jiyva


Innate Abilities, Weirdness & Mutations

You have large cloven feet.
You have a pair of horns on your head.
A weak demonic guardian rushes to your aid.
You are powered by pain.
Your touch may inflict minor irresistible damage on your foes.
Your flesh is heat resistant. (rF+)
You are strong-willed. (Will+)
Your system is resistant to poisons. (rPois)
Your thick and shaggy fur keeps you warm. (AC +3, rC+)
Your muscles are very strong. (Str +8, Int/Dex -2)
You have acidic saliva.
Your body is covered in eyes which may confuse attackers. (Acc +7, SInv)
Armour fits poorly on your large pseudopods.
You have a small jelly attached to you that senses nearby items.


Message History

The orc priest closely misses your quicksilver ooze.
You hear a shout!
Okay, then.
As you read the scroll of teleportation, it crumbles to dust.
You feel strangely unstable.
The orc seems less confused.
Your quicksilver ooze hits the orc.
Your quicksilver ooze barely misses the orc.
The orc priest begins to cast a cantrip, but forgets the words!
The orc priest calls upon Beogh to heal the orc.
The orc's wounds heal themselves!
The orc barely misses you.
The eyeballs on your body gaze at the orc.
The orc warrior misses you.
The orc warrior barely misses your quicksilver ooze.
The orc warrior completely misses you.
The orc priest hits your quicksilver ooze with a +0 dagger.
The soul eater barely misses your quicksilver ooze.
The orc warrior hits your quicksilver ooze with a +2 heavy mace!!
You feel much better.
Your quicksilver ooze barely misses the orc knight.
Your quicksilver ooze closely misses the orc knight.
The orc high priest calls down the wrath of Beogh upon you.
Beogh smites you!
You focus on the pain.
You feel more agile all of a sudden. The orc warrior completely misses you.
The orc warrior hits your quicksilver ooze with a +0 war axe.
The orc warrior completely misses you. The orc priest hits you with a +0 club.
* * * LOW HITPOINT WARNING * * *
Your quicksilver ooze hits the orc knight! x2
The soul eater draws from the surrounding life force!
* * * LOW HITPOINT WARNING * * *
You puncture the orc warrior!
You headbutt the orc warrior, but do no damage.
You touch the orc warrior!
Your bite misses the orc warrior.
The orc warrior is severely wounded.
The orc high priest calls down the wrath of Beogh upon you.
Beogh smites you!
* * * LOW HITPOINT WARNING * * *
The orc priest mumbles some strange prayers to Beogh against you.
Beogh smites you!
You die...

.......................#
.......§§§§§§###########
....§§§§§§§§# ##
#.§§§§§§§§# ##§..
#.§§§§§§§§# ##§§§..
#.§§§§§§§§##.§§§..
#.§§§§§§§§#.4§..
#.§§§§§§§§#o#§#§#.#
...§§§§§§§@oJoooooo.
...§§§§§§o.oo3o§§§..
...§§§§§§§§§oooo.§..
...§§§§§§§§#§#§#§#.#
...§§§§§§§§#§§.o§§o.
.§§§§§§§§##§§.§§..
§§§§§§§§# ##§.§..
§§§§§§§§# ##.. ......#


You could see 3 orc knights, a soul eater (summoned, weak-willed), an orc high
priest (strong, weak-willed), an ice devil (summoned, weak-willed), 4 orc
warriors, 3 orc priests, 5 orcs and a friendly quicksilver ooze (summoned).

Vanquished Creatures
  Snorg (Orc:1)
  Erolcha (Orc:1)
  3 two-headed ogres
  A boulder beetle (D:10)
  Amaemon (D:8)
  A skyshark (Lair:2)
  Sonja (D:11)
  A deep elf pyromancer (D:12)
  An orc sorcerer (Orc:2)
  An orc knight (Orc:1)
  Pikel (D:5)
  An ugly thing (D:11)
  2 manticores (D:12)
  A black mamba (Lair:2)
  2 cane toads (Lair:1)
  An orange demon (D:8)
  2 komodo dragons (D:12)
  2 unseen horror zombies (D:9)
  5 trolls
  3 blink frogs
  Grinder (D:4)
  2 dream sheep (Lair:1)
  A culicivora (Lair:2)
  A jumping spider (Lair:2)
  A vampire (D:12)
  A shadow (D:11)
  2 wyverns
  31 yaks
  A wraith (D:12)
  2 redbacks (Lair:2)
  3 steam dragons
  Edmund (D:6)
  2 vampire mosquitoes (D:12)
  An acid dragon (D:12)
  2 water moccasins
  8 orc warriors
  2 sky beasts (D:8)
  An ice beast (D:6)
  2 wolves (D:9)
  5 ogres
  4 centaurs
  2 kobold brigands
  A necrophage (D:9)
  7 bullfrogs
  5 scorpions
  9 wights
  9 killer bees
  2 electric eels (D:9)
  2 centaur zombies (D:9)
  A human zombie (D:9)
  3 hounds
  Crazy Yiuf (D:3)
  18 orc priests
  4 sleepcaps
  Natasha (twice) (D:3)
  2 iguanas
  15 orc wizards
  3 howler monkey zombies (D:9)
  2 mummies
  Robin (D:4)
  4 gnolls
  5 adders
  3 shadow imps
  A white imp (D:7)
  2 ufetubi
  A dart slug (D:2)
  68 orcs
  6 ball pythons
  7 bats
  4 endoplasms
  9 giant cockroaches
  19 goblins
  10 hobgoblins
  3 jackals (D:2)
  20 kobolds
  3 quokkas (D:1)
  4 frilled lizards
  6 rats
370 creatures vanquished.

Vanquished Creatures (collateral kills)
  Gastronok (D:8)
  A boulder beetle (D:11)
  2 dream sheep (Lair:1)
  A culicivora (Lair:2)
  A basilisk (D:11)
  An orc warrior (Bailey)
  An ogre (Orc:2)
  A bullfrog (D:9)
  An electric eel (Lair:1)
  An orc priest (Orc:1)
  3 orcs
  A hobgoblin (Bailey)
15 creatures vanquished.

Vanquished Creatures (others)
  A cyclops (D:12)
  4 slime creatures (D:12)
  A vampire (D:12)
  A warg (Orc:2)
  A water moccasin (D:7)
  An ice beast (D:8)
  An orc warrior (D:9)
  A centaur (D:9)
  A bullfrog (D:6)
  A scorpion (D:6)
  A wight (D:9)
  A killer bee (D:6)
  30 jellies
  2 hounds (D:9)
  A sleepcap (D:6)
  3 orc wizards
  Natasha (D:3)
  An iguana (D:4)
  An adder (D:6)
  2 white imps
  14 orcs
  A goblin (D:4)
  A hobgoblin (D:4)
  A quokka (D:4)
  3 kobolds
  10 fungi
  4 plants
90 creatures vanquished.

Grand Total: 475 creatures vanquished

Notes
Turn   | Place    | Note
-------+----------+-------------------------------------------
     0 | D:1      | holysushi the Demonspawn Monk began the quest for the Orb.
     0 | D:1      | Reached XP level 1. HP: 18/18 MP: 1/1
   205 | D:1      | Gained mutation: A weak demonic guardian rushes to your
                  | aid. [demonic ancestry]
   205 | D:1      | Reached XP level 2. HP: 24/24 MP: 2/2
   778 | D:1      | Discovered your monstrous ancestry.
   778 | D:1      | Gained mutation: You have large cloven feet. [demonic
                  | ancestry]
   778 | D:1      | Reached XP level 3. HP: 28/29 MP: 3/3
  1212 | D:2      | Found a faded altar of an unknown god.
  1322 | D:2      | Prayed at the altar of an unknown god.
  1322 | D:2      | Became a worshipper of Jiyva Jupobroe the Shapeless
  1322 | D:2      | Reached * piety under Jiyva
  1322 | D:2      | Reached ** piety under Jiyva
  1496 | D:2      | Reached *** piety under Jiyva
  1546 | D:2      | Gained mutation: You are covered in slimy tendrils that may
                  | disarm your opponents. [Jiyva's grace]
  1546 | D:2      | Gained mutation: You are agile. (Dex +4, Str/Int -1)
                  | [Jiyva's grace]
  1546 | D:2      | Gained mutation: You are very agile. (Dex +8, Str/Int -2)
                  | [Jiyva's grace]
  1546 | D:2      | Gained mutation: You have acidic saliva. [Jiyva's grace]
  2079 | D:3      | Gained mutation: You have a pair of small horns on your
                  | head. [demonic ancestry]
  2079 | D:3      | Reached XP level 4. HP: 32/35 MP: 4/4
  2104 | D:3      | Noticed Natasha
  2116 | D:3      | Killed Natasha
  2260 | D:3      | Noticed Natasha
  2266 | D:3      | Killed Natasha
  2267 | D:3      | Reached skill level 5 in Short Blades
  2426 | D:3      | Killed Natasha
  2517 | D:3      | Found a runed translucent door.
  2518 | D:3      | Noticed Crazy Yiuf
  2718 | D:3      | Reached **** piety under Jiyva
  2941 | D:3      | Killed Crazy Yiuf
  2942 | D:3      | Gained mutation: You have a pair of horns on your head.
                  | [demonic ancestry]
  2942 | D:3      | Reached XP level 5. HP: 36/41 MP: 5/5
  3032 | D:4      | Found a radiant altar of Vehumet.
  3047 | D:4      | Found an iron altar of Okawaru.
  3138 | D:4      | Found a staircase to the Ecumenical Temple.
  3180 | D:4      | Gained mutation: You sometimes gain a little power by
                  | taking damage. [demonic ancestry]
  3180 | D:4      | Reached XP level 6. HP: 47/47 MP: 6/6
  3193 | D:4      | Noticed Robin
  3207 | D:4      | Killed Robin
  3442 | D:4      | Noticed Grinder
  3454 | D:4      | Paralysed by Grinder for 5 turns
  3460 | D:4      | Killed Grinder
  3461 | D:4      | Gained mutation: You sometimes gain power by taking damage.
                  | [demonic ancestry]
  3461 | D:4      | Reached XP level 7. HP: 50/52 MP: 7/7
  3594 | D:4      | Lost mutation: You are very agile. (Dex +8, Str/Int -2)
                  | [Jiyva's grace]
  3594 | D:4      | Gained mutation: You possess an exceptional clarity of
                  | mind. [Jiyva's grace]
  3594 | D:4      | Gained mutation: Armour fits poorly on your pseudopods.
                  | [Jiyva's grace]
  3594 | D:4      | Gained mutation: Armour fits poorly on your large
                  | pseudopods. [Jiyva's grace]
  3594 | D:4      | Gained mutation: Armour fits poorly on your massive
                  | pseudopods. [Jiyva's grace]
  3653 | D:4      | Reached ***** piety under Jiyva
  3702 | D:4      | Found a sacrificial altar of Ru.
  3703 | D:4      | Found an opulent altar of Gozag.
  3704 | D:4      | Found a hide-covered altar of Uskayaw.
  3704 | D:4      | Found a shimmering altar of Xom.
  3704 | D:4      | Found a snail-covered altar of Cheibriados.
  3706 | D:4      | Found a stormy altar of Qazlal.
  3740 | D:4      | Found a blossoming altar of Fedhas.
  3863 | D:5      | Entered Level 5 of the Dungeon
  4019 | D:5      | Noticed Pikel
  4031 | D:5      | Killed Pikel
  4032 | D:5      | Reached XP level 8. HP: 24/58 MP: 8/8
  4089 | D:5      | Reached skill level 3 in Dodging
  4960 | D:6      | Reached skill level 4 in Dodging
  5094 | D:6      | Noticed Edmund
  5107 | D:6      | Killed Edmund
  5243 | D:6      | Found a shadowy altar of Dithmenos.
  5325 | D:6      | Reached skill level 10 in Short Blades
  5325 | D:6      | Reached skill level 5 in Dodging
  5366 | D:6      | Gained mutation: You are powered by pain. [demonic
                  | ancestry]
  5366 | D:6      | Reached XP level 9. HP: 56/63 MP: 9/9
  5796 | D:7      | Found a flagged portal.
  5814 | Bailey   | Entered a bailey
  5874 | Bailey   | Reached skill level 6 in Dodging
  5991 | Bailey   | Reached skill level 1 in Stealth
  6543 | D:7      | Found a hazy altar of Hepliaklqana.
  6581 | D:7      | Reached ****** piety under Jiyva
  6583 | D:7      | Lost mutation: You possess an exceptional clarity of mind.
                  | [Jiyva's grace]
  6583 | D:7      | Lost mutation: Armour fits poorly on your massive
                  | pseudopods. [Jiyva's grace]
  6583 | D:7      | Gained mutation: You have a pair of large horns on your
                  | head. [Jiyva's grace]
  6583 | D:7      | Gained mutation: You have hidden genetic potential.
                  | [Jiyva's grace]
  6583 | D:7      | Gained mutation: You have great hidden genetic potential.
                  | [Jiyva's grace]
  6583 | D:7      | Gained mutation: Your flesh is heat resistant. (rF+)
                  | [Jiyva's grace]
  6913 | D:8      | Noticed an orange demon
  6914 | D:8      | Noticed Amaemon
  6921 | D:8      | Killed an orange demon
  6958 | D:8      | Killed Amaemon
  6959 | D:8      | Reached skill level 5 in Fighting
  6959 | D:8      | Reached skill level 7 in Dodging
  7087 | D:8      | Reached XP level 10. HP: 76/76 MP: 3/10
  7545 | D:8      | Noticed Gastronok
  7555 | D:8      | Killed Gastronok
  7556 | D:8      | Reached skill level 8 in Dodging
  7567 | D:8      | Gained mutation: Your muscles are strong. (Str +4, Int/Dex
                  | -1) [hidden potential]
  7637 | D:8      | Reached skill level 9 in Dodging
  8172 | D:9      | Found an ancient bone altar of Kikubaaqudgha.
  8223 | D:9      | Reached skill level 10 in Dodging
  8300 | D:9      | Found a staircase to the Lair.
  8924 | Lair:1   | Entered Level 1 of the Lair of Beasts
  8934 | D:9      | Reached skill level 11 in Dodging
  8959 | Lair:1   | Reached XP level 11. HP: 69/81 MP: 3/11
  9158 | Lair:1   | Gained mutation: Your flesh is very heat resistant. (rF++)
                  | [hidden potential]
  9158 | Lair:1   | Lost mutation: You have great hidden genetic potential.
                  | [hidden potential expressed]
  9294 | Lair:1   | Lost mutation: You have a pair of large horns on your head.
                  | [Jiyva's grace]
  9294 | Lair:1   | Gained mutation: You are strong-willed. (Will+) [Jiyva's
                  | grace]
  9294 | Lair:1   | Gained mutation: You are highly strong-willed. (Will++)
                  | [Jiyva's grace]
  9294 | Lair:1   | Gained mutation: You are extremely strong-willed. (Will+++)
                  | [Jiyva's grace]
  9294 | Lair:1   | Gained mutation: You have a small jelly attached to you
                  | that senses nearby items. [Jiyva's grace]
  9398 | Lair:1   | You are sucked into a shaft and drop 1 floor!
  9405 | Lair:2   | Found a hole to the Spider Nest.
  9433 | Lair:2   | Reached skill level 12 in Dodging
  9643 | Lair:2   | Noticed a skyshark
  9656 | Lair:2   | Killed a skyshark
  9661 | Lair:2   | Reached skill level 13 in Dodging
 10485 | Lair:2   | Found the +16 obsidian axe {drain, demonic, Mesm Drain Fly
                  | SInv}
 10486 | Lair:2   | Noticed a harpy
 10486 | Lair:2   | Noticed a harpy
 10488 | Lair:2   | Found a staircase to the Shoals.
 10624 | D:10     | Entered Level 10 of the Dungeon
 10751 | D:10     | Noticed a boulder beetle
 10773 | D:10     | Killed a boulder beetle
 10878 | D:10     | Reached skill level 14 in Dodging
 10949 | D:10     | Gained mutation: Your touch may inflict minor irresistible
                  | damage on your foes. [demonic ancestry]
 10949 | D:10     | Reached XP level 12. HP: 76/87 MP: 4/12
 10966 | D:10     | Noticed a two-headed ogre
 10978 | D:10     | Killed a two-headed ogre
 11020 | D:10     | Found a staircase to the Orcish Mines.
 11145 | D:10     | Gained mutation: Your muscles are very strong. (Str +8,
                  | Int/Dex -2) [hidden potential]
 11172 | D:10     | Lost mutation: Your flesh is very heat resistant. (rF++)
                  | [Jiyva's grace]
 11172 | D:10     | Lost mutation: You are extremely strong-willed. (Will+++)
                  | [Jiyva's grace]
 11172 | D:10     | Lost mutation: You are highly strong-willed. (Will++)
                  | [Jiyva's grace]
 11172 | D:10     | Lost mutation: You are covered in slimy tendrils that may
                  | disarm your opponents. [Jiyva's grace]
 11172 | D:10     | Lost mutation: You have a small jelly attached to you that
                  | senses nearby items. [Jiyva's grace]
 11172 | D:10     | Gained mutation: You have a small jelly attached to you
                  | that senses nearby items. [Jiyva's grace]
 11172 | D:10     | Gained mutation: Your body has grown eyes which may confuse
                  | attackers. (Acc +3) [Jiyva's grace]
 11172 | D:10     | Gained mutation: Your body has grown many eyes which may
                  | confuse attackers. (Acc +5) [Jiyva's grace]
 11172 | D:10     | Gained mutation: Your body is covered in eyes which may
                  | confuse attackers. (Acc +7, SInv) [Jiyva's grace]
 11259 | D:10     | Noticed a two-headed ogre
 11268 | D:10     | Killed a two-headed ogre
 11269 | D:10     | Reached skill level 15 in Dodging
 11831 | D:11     | Reached skill level 1 in Evocations
 11870 | D:11     | Noticed a boulder beetle
 11896 | D:11     | Killed a boulder beetle
 11897 | D:11     | Reached skill level 1 in Armour
 11955 | D:11     | Noticed Sonja
 11967 | D:11     | Killed Sonja
 12357 | D:12     | Noticed a two-headed ogre
 12363 | D:12     | Killed a two-headed ogre
 12467 | D:12     | Found a snail-covered altar of Cheibriados.
 12584 | D:12     | Lost mutation: You are agile. (Dex +4, Str/Int -1) [Jiyva's
                  | grace]
 12584 | D:12     | Lost mutation: You have hidden genetic potential. [Jiyva's
                  | grace]
 12584 | D:12     | Gained mutation: Your system is resistant to poisons.
                  | (rPois) [Jiyva's grace]
 12584 | D:12     | Gained mutation: You are covered in fur. (AC +1) [Jiyva's
                  | grace]
 12584 | D:12     | Gained mutation: You are covered in thick fur. (AC +2)
                  | [Jiyva's grace]
 12584 | D:12     | Gained mutation: Your thick and shaggy fur keeps you warm.
                  | (AC +3, rC+) [Jiyva's grace]
 12946 | Orc:1    | Entered Level 1 of the Orcish Mines
 12946 | Orc:1    | Noticed Erolcha
 12950 | Orc:1    | Killed Erolcha
 13008 | Orc:1    | Noticed Snorg
 13022 | Orc:1    | Killed Snorg
 13399 | Orc:2    | Entered Level 2 of the Orcish Mines
 13615 | Orc:2    | Reached XP level 13. HP: 99/99 MP: 4/13
 13649 | Orc:2    | Killed from afar by an orc priest

Illustrated notes

Levels and vault maps discovered:
D:1:      enne_arrival_octagon_isle, layout_basic
D:2:      layout_loops_ring, shapermc_ecumenical_altar_mp_highgroup
D:3:      layout_basic, uniq_crazy_yiuf_cottage, uniq_natasha
D:4:      layout_gridville, old_standard_altar, mainiacjoe_overflow_brackets,
          minitemple, minmay_temple_entry_statues_fountains, uniq_robin,
          uniq_grinder
D:5:      nicolae_cairo_tiling_very_big, layout_rooms,
          minmay_misc_feat_secret_circle, supply_closet_lemuel, uniq_pikel
D:6:      minmay_razor_zed, layout_basic,
          nicolae_dithmenos_through_a_glass_darkly, uniq_edmund
D:7:      layout_loops_corners, nicolae_hepliaklqana_hippocampus, enter_bailey_5
D:8:      hellmonk_destroyed_diamonds, layout_loops_corners, uniq_gastronok,
          uniq_amaemon
D:9:      layout_basic, lemuel_mausoleum_altar_kikubaaqudgha, erik_lair_island
D:10:     layout_basic, hiddenorc2_lemuel, nzn_sisyphean_effort
D:11:     layout_rooms, uniq_sonja
D:12:     layout_basic, slow_altar_1
Lair:1:   layout_cave_pods, infiniplex_staircase_pool
Lair:2:   layout_big_grid, nicolae_shoals_entry_roost,
          nicolae_spider_entry_tight_spaces, minmay_hedge_maze, minivault_19,
          dreamdust_deal_with_the_devil
Orc:1:    layout_caves, nicolae_orc_rich_vein, uniq_snorg, uniq_erolcha
Orc:2:    st_orc_pillars, layout_caves, ebering_ghost_reflecting_pool,
          bloody_makhleb

Skill      XL: |  1  2  3  4  5  6  7  8  9 10 11 12 |
---------------+-------------------------------------+-----
Short Blades   | 3 4 5 6 7 9 10 | 10.0
Dodging        | 5 7 11 14 15 | 15.4
Stealth        | 4 |  4.0
Fighting       | 5 6 8 |  8.5
Evocations     | 4 |  4.0
Armour         | 3 |  3.0

Action                     |  1- 3 |  4- 6 |  7- 9 | 10-12 | 13-15 || total
---------------------------+-------+-------+-------+-------+-------++-------
  Melee: Short sword       |   141 |    98 |   240 |   797 |    22 ||  1298
         Kick              |    15 |    41 |   106 |    59 |       ||   221
         Bite              |     1 |    10 |    39 |   155 |     2 ||   207
         Headbutt          |       |    20 |    65 |   271 |     6 ||   362
         Pseudopods        |       |       |    61 |   240 |     2 ||   303
         Touch             |       |       |       |    69 |     4 ||    73
         Punch             |       |       |       |     4 |       ||     4
  Evoke: Wand              |       |       |       |     4 |       ||     4
         Phantom mirror    |       |       |       |     1 |       ||     1
    Use: Scroll            |       |       |     7 |    14 |     3 ||    24
         Potion            |       |       |       |     5 |     1 ||     6
   Stab: Sleeping          |     1 |       |       |     9 |       ||    10
         Distracted        |       |     1 |     1 |     2 |       ||     4
         Confused          |       |       |       |    12 |       ||    12
 Armour: Robe              |    34 |    23 |    40 |    15 |       ||   112
         Troll leather arm |       |       |       |    52 |     3 ||    55
  Dodge: Dodged            |    87 |    51 |   180 |   605 |    43 ||   966

Table legend: (Time is in decaauts)
 A = Elapsed time spent in this place.
 B = Non-inter-level travel time spent in this place.
 C = Inter-level travel time spent in this place.
 D = Time resting spent in this place.
 E = Time spent auto-exploring this place.
 F = Levels seen in this place.
 G = Mean time per level.
                   A        B        C        D        E       F      G
               +--------+--------+--------+--------+--------+-----+--------+
         Total |  13089 |  12480 |    609 |   1251 |   8487 |  17 |  769.9 |
       Dungeon |  10620 |  10087 |    533 |    976 |   7101 |  12 |  885.0 |
          Lair |   1533 |   1471 |     62 |    275 |    883 |   2 |  766.5 |
  Orcish Mines |    632 |    620 |     12 |      0 |    410 |   2 |  316.0 |
        Bailey |    302 |    302 |      0 |      0 |     92 |   1 |  302.0 |
               +--------+--------+--------+--------+--------+-----+--------+

Top non-repeatable levels by time:
  Lair:1: 1267 daAuts
     D:1: 1083 daAuts
     D:9: 1021 daAuts
     D:8: 994 daAuts
    D:10: 987 daAuts
     D:5: 983 daAuts
     D:3: 975 daAuts
     D:2: 952 daAuts
     D:6: 840 daAuts
     D:7: 831 daAuts
     D:4: 809 daAuts
    D:12: 682 daAuts
    D:11: 458 daAuts
   Orc:1: 435 daAuts
  Bailey: 302 daAuts
